 Dungeon Crawl Stone Soup version 0.31-a0-618-g7ca08c1ff9 (webtiles) character file.

Game seed: 9816640437906523103

877 Newt the Cutter (level 8, 0/48 HPs)
             Began as a Gargoyle Shapeshifter on Aug 22, 2023.
             Splashed by a jelly's acid (9 damage)
             ... on level 5 of the Dungeon.
             The game lasted 00:05:44 (5164 turns).

Newt the Cutter (Gargoyle Shapeshifter)             Turns: 5164, Time: 00:05:45

Health: 0/48       AC:  0    Str: 20    XL:     8   Next: 4%
Magic:  8/8        EV: 16    Int: 16    God:
Gold:   319        SH:  0    Dex: 10    Spells: 7/7 levels left

rFire   . . .        f - +1 dagger (elec)
rCold   . . .        (no shield)
rNeg    + . .        a - +1 animal skin
rPois   ∞            (helmet currently unavailable)
rElec   +            (cloak currently unavailable)
rCorr   .            (gloves currently unavailable)
SInv    .            (boots currently unavailable)
Will    .....        (no amulet)
Stlth   +            m - +6 ring of intelligence
HPRegen 0.28/turn    o - +5 ring of evasion
MPRegen 0.11/turn

%: no passive effects
@: beast-form, corroded
A: beast (slay +2), sickness immunity, AC +5, negative energy resistance 1,
electricity resistance, torment resistance 1, petrification resistance
a: Begin Untransformation


You were on level 5 of the Dungeon.
You were a hulking beast.
You visited 1 branch of the dungeon, and saw 6 of its levels.
You also visited: Sewer.

You collected 319 gold pieces.

Inventory:

Hand Weapons
 f - a +1 dagger of electrocution (weapon)
 q - a +2 short sword of speed
 u - a +0 short sword
 A - a +0 hand axe
Missiles
 t - 21 poisoned darts
Armour
 a - a +1 animal skin (worn)
 h - an orb of mayhem
 B - a scarf of repulsion
Jewellery
 m - a +6 ring of intelligence (left hand)
 o - a +5 ring of evasion (right hand)
Talismans
 c - a beast talisman (active)
 d - a flux talisman
Wands
 y - a wand of iceblast (7)
 C - a wand of flame (11)
Scrolls
 j - 2 scrolls of enchant armour
 l - a scroll of vulnerability
 z - a scroll of fear {unknown}
 D - a scroll of silence
Potions
 b - a potion of degeneration
 e - a potion of berserk rage
 g - a potion of might
 i - 2 potions of attraction {unknown}
 k - 2 potions of curing {unknown}
 n - a potion of cancellation
 p - 2 potions of mutation {unknown}
 r - a potion of resistance {unknown}
 s - 3 potions of haste {unknown}
 v - a potion of heal wounds {unknown}
 w - a potion of magic {unknown}
 x - a potion of enlightenment {unknown}


   Skills:
 - Level 4.0 Fighting
 - Level 5.0 Short Blades
 + Level 2.2 Armour
 - Level 1.5 Dodging
 - Level 3.0 Unarmed Combat
 - Level 4.6 Shapeshifting


You had 7 spell levels left.
You didn't know any spells.
Your spell library contained the following spells:

 Spells                   Type           Power      Damage    Failure   Level
 Call Canine Familiar     Summ           0%         N/A       58%         3
 Inner Flame              Hex/Fire       0%         N/A       58%         3
 Portal Projectile        Hex/Tloc       0%         N/A       58%         3
 Leda's Liquefaction      Hex/Erth       0%         N/A       94%         4
 Yara's Violent Unravell  Hex/Tmut       0%         3d3       100%        5
 Enfeeble                 Hex            0%         N/A       100%        7


Dungeon Overview and Level Annotations

Branches:
Dungeon (6/15)              Sewer (visited)
 Temple: D:4-7

Altars:
Ashenzari


Innate Abilities, Weirdness & Mutations

You are a hulking beast.
Your limbs bulge with bestial killing power. (Slay +2)
You are immune to sickness and miasma.
Your stone body is resilient. (AC +5)
You are immune to poison.
You resist negative energy. (rN+)
You are resistant to electric shocks. (rElec)
You are resistant to unholy torment.
You are immune to petrification.


Message History

The adder is severely wounded.
The adder closely misses you.
You hit the adder.
You kill the adder!
You hit the kobold. Lightning courses through the kobold!
You kill the kobold!
You closely miss the kobold. You punch the kobold.
You kill the kobold!
You hit the jelly. The acid corrodes you!
Your hands burn!
The jelly is moderately wounded.
The jelly barely misses you.
You hit the jelly.
Your hands burn!
The jelly is heavily wounded.
You are too injured to fight recklessly!
You are too injured to fight recklessly!
You hit the jelly. The acid corrodes you!
Your hands burn!
The jelly is heavily wounded.
The jelly misses you.
You barely miss the jelly.
The jelly is heavily wounded.
The jelly closely misses you.
You barely miss the jelly.
The jelly is heavily wounded.
The jelly hits you. The acid corrodes you!
You are splashed with acid!
* * * LOW HITPOINT WARNING * * *
Unknown command.
The jelly completely misses you.
You climb upwards.
There is a stone staircase leading down here.
Okay, then.
Okay, then.
Aiming: Throw Flame
Press: ? - help, Shift-Dir - straight line, f - jelly
Aim: a jelly (heavily wounded, 100% to hit)
The puff of flame hits the jelly!
The jelly is almost dead.
The jelly hits you.
* * * LOW HITPOINT WARNING * * *
You are splashed with acid!
You die...

.........# #.##.##..##..(...##
##.......# ##.##.##.(##.....##
####...### #........#......## #
#...# #..#....###.##.## ##..#
#..#.###.#.###.# ##.# #..#.#
#..## #.# #.# #..#.###.## ##'##
#.# #....J...# ##...## ### #.#
#.##h###.###.....## ##.###.#
#.##.###.##.......##
#...##.######........#.........##
.....................'.........'.
#......########...####.........##
##..#### ##.## ##.......## ##.#
#.# ##.....## #.# #.# ##...## #.#
###.# ##'##


You could see a jelly.

Vanquished Creatures
  Grinder (D:5)
  Sigmund (D:6)
  An ice beast (D:5)
  A kobold brigand (Sewer)
  A scorpion (D:5)
  2 hounds
  2 iguanas
  An orc wizard (D:4)
  5 adders
  4 worms
  2 dart slugs
  9 orcs
  7 ball pythons
  4 endoplasms
  4 giant cockroaches
  10 goblins
  8 hobgoblins
  9 jackals
  4 quokkas
  9 bats
  23 kobolds
  7 rats
115 creatures vanquished.

Notes
Turn   | Place    | Note
-------+----------+-------------------------------------------
     0 | D:1      | Newt the Gargoyle Shapeshifter began the quest for the Orb.
     0 | D:1      | Reached XP level 1. HP: 12/12 MP: 1/1
   148 | D:1      | Reached XP level 2. HP: 11/17 MP: 2/2
   888 | D:2      | Reached XP level 3. HP: 18/23 MP: 3/3
  2189 | D:3      | Reached XP level 4. HP: 21/29 MP: 4/4
  2374 | D:3      | Found a glowing drain.
  2402 | Sewer    | Entered a sewer
  2639 | Sewer    | Noticed a kobold brigand
  2656 | Sewer    | Killed a kobold brigand
  2657 | Sewer    | Reached XP level 5. HP: 33/33 MP: 5/5
  3046 | D:3      | Found a faded altar of an unknown god.
  3283 | D:4      | Reached XP level 6. HP: 38/38 MP: 6/6
  4141 | D:5      | Entered Level 5 of the Dungeon
  4207 | D:5      | Found a broken altar of Ashenzari.
  4349 | D:5      | Reached skill level 1 in Short Blades
  4750 | D:5      | Noticed Grinder
  4764 | D:5      | Killed Grinder
  4765 | D:5      | Reached skill level 3 in Short Blades
  4765 | D:5      | Reached XP level 7. HP: 36/43 MP: 7/7
  4851 | D:5      | Reached skill level 4 in Short Blades
  5091 | D:6      | Noticed Sigmund
  5100 | D:6      | Killed Sigmund
  5101 | D:6      | Reached skill level 5 in Short Blades
  5101 | D:6      | Reached skill level 1 in Armour
  5138 | D:6      | Reached XP level 8. HP: 31/48 MP: 8/8
  5164 | D:5      | Splashed by a jelly's acid

Illustrated notes

Levels and vault maps discovered:
D:1:      minmay_arrival_four_loops, layout_loops_ring
D:2:      layout_loops_cross
D:3:      layout_loops_ring, cheibrodos_sewer_entry_bend,
          shapermc_ecumenical_altar_mp_vishouse
D:4:      cheibrodos_greedy_goblins, layout_cave_pools, hangedman_decor_points
D:5:      layout_loops_corners, ashenzari_altar_1, uniq_grinder
D:6:      layout_cave_pools, minmay_temple_entry_wispy, roderic_batcave,
          uniq_jeremiah, uniq_sigmund

Skill      XL: |  1  2  3  4  5  6  7 |
---------------+----------------------+-----
Fighting       | 2 3 4 |  4.0
Shapeshifting  | 3 4 |  4.6
Short Blades   | 3 5 |  5.0
Armour         | 2 |  2.2
Dodging        | |  1.5
Unarmed Combat | |  3.0

Action                     |  1- 3 |  4- 6 |  7- 9 || total
---------------------------+-------+-------+-------++-------
  Melee: Unarmed           |    19 |       |       ||    19
         Punch             |     4 |     7 |     3 ||    14
         Dagger            |   102 |   202 |    38 ||   342
  Evoke: Wand              |       |       |     1 ||     1
    Use: Scroll            |     6 |     3 |       ||     9
         Potion            |       |     2 |       ||     2
   Stab: Sleeping          |       |     1 |       ||     1
 Armour: Animal skin       |    35 |    52 |     7 ||    94
         Skin              |       |     7 |       ||     7
  Dodge: Dodged            |    71 |   144 |    27 ||   242

Table legend: (Time is in decaauts)
 A = Elapsed time spent in this place.
 B = Non-inter-level travel time spent in this place.
 C = Inter-level travel time spent in this place.
 D = Time resting spent in this place.
 E = Time spent auto-exploring this place.
 F = Levels seen in this place.
 G = Mean time per level.
                   A        B        C        D        E       F      G
               +--------+--------+--------+--------+--------+-----+--------+
         Total |   5196 |   4984 |    212 |    883 |   3304 |   7 |  742.3 |
       Dungeon |   4656 |   4444 |    212 |    749 |   3049 |   6 |  776.0 |
         Sewer |    539 |    539 |      0 |    134 |    254 |   1 |  539.0 |
               +--------+--------+--------+--------+--------+-----+--------+

Top non-repeatable levels by time:
     D:2: 1049 daAuts
     D:5: 949 daAuts
     D:4: 937 daAuts
     D:1: 849 daAuts
     D:3: 806 daAuts
   Sewer: 539 daAuts
     D:6: 63 daAuts
